 Dungeon Crawl Stone Soup version 0.19-a0-1216-g363869b (webtiles) character file.

7875 4thArraOfDagon the Arsonist (level 11, -3/54 HPs)
             Began as a Deep Elf Fire Elementalist on Aug 23, 2016.
             Was a High Priest of Sif Muna.
             Killed from afar by a gargoyle (24 damage)
             ... with a stone arrow
             ... on level 12 of the Dungeon.
             The game lasted 00:22:10 (3623 turns).

4thArraOfDagon the Arsonist (DEFE)                  Turns: 3623, Time: 00:22:11

Health: -3/54      AC: 11    Str:  5    XL:     11   Next: 2%
Magic:  1/26       EV: 13    Int: 24    God:    Sif Muna [*****.]
Gold:   144        SH:  0    Dex: 15    Spells: 5 memorised, 8 levels left

rFire  . . .     SeeInvis .     D - +3 dagger "Rauj" {drain, rC++ rN+}
rCold  + + .     Gourm    .     y - +2 robe {MR+}
rNeg   + . .     Faith    .     (no shield)
rPois  .         Spirit   .     u - +2 helmet {Int+3}
rElec  .         Dismiss  .     (no cloak)
rCorr  .         Reflect  .     r - +0 pair of gloves
MR     ++...     Harm     .     (no boots)
Stlth  ++........               q - amulet of regeneration
                                f - ring "Ulifrof" {+Inv AC+3}
                                E - -3 ring of intelligence (curse)

@: divine energy
A: no striking features
a: Stop Divine Energy, Channel Magic, Forget Spell, Renounce Religion, Evoke
Invisibility


You were on level 12 of the Dungeon.
You worshipped Sif Muna.
Sif Muna was extremely pleased with you.
You were not hungry.

You visited 3 branches of the dungeon, and saw 15 of its levels.

You collected 434 gold pieces.
You spent 290 gold pieces at shops.

Inventory:

Hand Weapons
 D - the +3 dagger "Rauj" (weapon) {drain, rC++ rN+}
   (You found it on level 8 of the Dungeon)

   A truly terrible weapon, it drains the life of those it strikes.
   It greatly protects you from cold.
   It protects you from negative energy.
Armour
 a - a +0 robe
 e - a +0 helmet
 i - the +5 ring mail "Gowkoex" {MR+ Str+5 Slay-3}
   (You found it on level 5 of the Dungeon)

   It affects your strength (+5).
   It affects your accuracy and damage with ranged weapons and melee attacks
   (-3).
   It affects your resistance to hostile enchantments.
 l - a +2 helmet
 r - a +0 pair of gloves (worn)
 u - a +2 helmet of intelligence (worn)
 y - a +2 robe of magic resistance (worn)
Jewellery
 f - the ring "Ulifrof" (right hand) {+Inv AC+3}
   (You found it on level 10 of the Dungeon)

   [ring of protection]

   It affects your AC (+3).
   It lets you turn invisible.
 q - an amulet of regeneration (around neck)
 E - a cursed -3 ring of intelligence (left hand)
Wands
 n - a wand of lightning (4/15)
 p - a wand of hasting (9/9)
 s - a wand of lightning (10/15)
 w - a wand of flame (14/48)
Scrolls
 d - a scroll of fog {unknown}
 g - a scroll of teleportation
 o - a scroll of amnesia
 v - a scroll of immolation
 x - a scroll of enchant armour
 H - a scroll of blinking
 I - a scroll of recharging
Potions
 h - 2 potions of curing {unknown}
 j - 2 potions of ambrosia {unknown}
 m - 2 potions of lignification
 t - a potion of flight {unknown}
 z - a potion of mutation {unknown}
 B - a potion of magic {unknown}
 C - 2 potions of beneficial mutation {unknown}
 F - a potion of berserk rage {unknown}
Books
 b - a book of Flames

   Spells                             Type                      Level
   a - Flame Tongue                   Conjuration/Fire             1
   b - Throw Flame                    Conjuration/Fire             2
   c - Conjure Flame                  Conjuration/Fire             3
   d - Inner Flame                    Hexes/Fire                   3
   e - Sticky Flame                   Conjuration/Fire             4
   f - Fireball                       Conjuration/Fire             5
 A - a book of Power

   Spells                             Type                      Level
   a - Fulminant Prism                Conjuration/Hexes            4
   b - Iskenderun's Mystic Blast      Conjuration                  4
   c - Venom Bolt                     Conjuration/Poison           5
   d - Bolt of Magma                  Conjuration/Fire/Earth       5
   e - Iron Shot                      Conjuration/Earth            6
   f - Orb of Destruction             Conjuration                  7
   g - Spellforged Servitor           Conjuration/Summoning        7
Comestibles
 c - 3 bread rations
 k - 4 meat rations


   Skills:
 - Level 2.4 Dodging
 - Level 2.4 Stealth
 + Level 9.4 Spellcasting
 * Level 10.9 Conjurations
 - Level 11.2 Fire Magic
 + Level 7.3 Invocations


You had 8 spell levels left.
You knew the following spells:

 Your Spells              Type           Power        Failure   Level  Hunger
a - Flame Tongue          Conj/Fire      #####        1%          1    None
b - Conjure Flame         Conj/Fire      ######..     1%          3    None
c - Sticky Flame          Conj/Fire      ######..     1%          4    ##.....
d - Fireball              Conj/Fire      ######....   1%          5    ####...
e - Orb of Destruction    Conj           ######....   63%         7    #######


Dungeon Overview and Level Annotations

Branches:
Dungeon (13/15)            Temple (1/1) D:4             Orc (1/2) D:9
   Lair: D:8-11      Vaults: D:13-14

Altars:
Cheibriados
Elyvilon
Fedhas
Gozag
Hepliaklqana
Nemelex Xobeh
Okawaru
Sif Muna
Uskayaw
Xom
Zin

Shops:
D:4 [   D:9 *[((

Portals:
Trove: D:10 (give +2 gold dragon armour)

Annotations:
D:6 Blork the orc
D:9 exclusion: downstairs
Orc:1 Fannar


Message History

Unknown command.
Unknown command.
The gargoyle hits you with a mace!!
Unknown command.
Casting: Sticky Flame
Confirm with . or Enter, or press ? or * to list all spells.
Aiming: Sticky Flame
Press: ? - help, Shift-Dir - straight line, f - gargoyle
Aim: a gargoyle, wielding a mace The sticky flame hits the gargoyle.
The gargoyle is moderately damaged.
The gargoyle is covered in liquid flames!
The gargoyle burns!
The gargoyle hits you with a mace!
Unknown command.
The gargoyle burns!
Unknown command.
The gargoyle burns!
The gargoyle hurls a stone arrow at you.
The stone arrow hits you!
You die...

#.# ## #.# .# #.# .# #.#
.#######.# .........#
.........########################
................@..9.........)...
...................####......)...
...................# #..........
#'#........##'#'#..# #..#######.
..#........#..†>#..# #### .
..#........#....#..#
..'........#....#..#
.(#........######..#
.(#................#


You could see a gargoyle (burning).

Vanquished Creatures
  A manticore (D:12)
  An ugly thing (D:12)
  3 centaur skeletons (D:11)
  A troll (D:7)
  2 two-headed ogres
  Grinder (D:3)
  A water elemental (D:11)
  A wyvern (D:11)
  12 yaks
  A vampire mosquito (D:12)
  A water moccasin (D:9)
  Edmund (D:4)
  5 ice beasts
  2 phantoms
  2 orc warriors
  2 black bears
  A necrophage (D:9)
  A centaur (D:10)
  A big kobold (D:12)
  5 giant frogs
  4 scorpions
  9 wights
  An electric eel (D:11)
  A crimson imp (D:8)
  2 giant frog zombies
  A howler monkey (D:12)
  The ghost of 4thArraOfDagon the Firebug, a weakling DEFE (D:3)
  7 orc priests
  A gnoll shaman (D:6)
  A hound (D:8)
  4 iguanas
  7 orc wizards
  5 worker ants
  A hound zombie (D:8)
  A hound skeleton (D:10)
  3 gnolls (D:6)
  4 adders
  A howler monkey skeleton (D:5)
  A shadow imp (D:5)
  An adder skeleton (D:9)
  2 worms
  The ghost of 4thArraOfDagon the Firebug, a weakling DEFE (D:4)
  A giant gecko (D:3)
  32 orcs
  3 bats
  3 giant cockroaches
  A goblin (D:2)
  A hobgoblin (D:2)
  A quokka (D:4)
  A ball python (D:5)
  3 giant newts
  A jackal skeleton (D:4)
  2 kobolds (D:12)
  A quokka zombie (D:5)
  3 rats (D:2)
157 creatures vanquished.

Notes
Turn   | Place    | Note
-------+----------+-------------------------------------------
     0 | D:1      | 4thArraOfDagon the Deep Elf Fire Elementalist began the quest for the Orb.
     0 | D:1      | Reached XP level 1. HP: 10/10 MP: 6/6
    57 | D:2      | Found a shimmering altar of Xom.
    58 | D:2      | Found a shimmering altar of Xom.
    59 | D:2      | Found a shimmering altar of Xom.
    60 | D:2      | Found a shimmering altar of Xom.
    60 | D:2      | Found a shimmering altar of Xom.
    61 | D:2      | Found a shimmering altar of Xom.
    61 | D:2      | Found a shimmering altar of Xom.
   136 | D:3      | Noticed 4thArraOfDagon's ghost (weakling DEFE)
   163 | D:3      | Reached XP level 2. HP: 11/15 MP: 2/8
   185 | D:5      | Entered Level 5 of the Dungeon
   278 | D:5      | Reached XP level 3. HP: 10/19 MP: 6/9
   285 | D:5      | Learned a level 3 spell: Conjure Flame
   287 | D:5      | Got a crude ring mail
   298 | D:5      | Identified the +5 ring mail "Gowkoex" {MR+ Str+5 Slay-3} (You found it on level 5 of the Dungeon)
   330 | D:4      | Found a staircase to the Ecumenical Temple.
   334 | D:4      | Reached skill level 4 in Fire Magic
   344 | Temple   | Entered the Ecumenical Temple
   367 | Temple   | Became a worshipper of Sif Muna the Loreminder
   406 | D:4      | Reached XP level 4. HP: 23/24 MP: 5/11
   410 | D:4      | Noticed 4thArraOfDagon's ghost (weakling DEFE)
   532 | D:3      | Noticed Grinder
   556 | D:3      | Killed Grinder
   556 | D:3      | Reached skill level 5 in Fire Magic
   556 | D:3      | Reached skill level 1 in Invocations
   556 | D:3      | Reached XP level 5. HP: 28/28 MP: 0/13
   556 | D:3      | Reached XP level 6. HP: 32/32 MP: 0/14
   562 | D:3      | Learned a level 4 spell: Sticky Flame
   669 | D:3      | Killed 4thArraOfDagon's ghost
   716 | D:2      | Learned a level 5 spell: Fireball
   797 | D:4      | Found Afeg's Antique Armour Boutique.
   883 | D:4      | Noticed Edmund
   924 | D:4      | Killed Edmund
   924 | D:4      | Reached * piety under Sif Muna
  1151 | D:5      | Reached skill level 5 in Conjurations
  1151 | D:5      | Reached XP level 7. HP: 30/36 MP: 0/16
  1275 | D:7      | Found a sparkling altar of Nemelex Xobeh.
  1296 | D:7      | Noticed a troll
  1305 | D:7      | Killed a troll
  1305 | D:7      | Reached skill level 5 in Spellcasting
  1305 | D:7      | Reached skill level 6 in Fire Magic
  1511 | D:4      | Killed 4thArraOfDagon's ghost
  1564 | D:4      | Bought a shiny helmet for 130 gold pieces
  1661 | D:5      | Reached ** piety under Sif Muna
  1739 | D:6      | Reached XP level 8. HP: 41/41 MP: 12/18
  1768 | D:6      | Reached skill level 7 in Fire Magic
  1787 | D:6      | Noticed Blork the orc
  2201 | D:8      | Reached *** piety under Sif Muna
  2201 | D:8      | Reached skill level 8 in Fire Magic
  2252 | D:8      | Reached XP level 9. HP: 37/45 MP: 3/21
  2294 | D:9      | Found Zitaom's Armour Emporium.
  2327 | D:9      | Found a staircase to the Orcish Mines.
  2328 | D:9      | Found Fittun's Weapon Emporium.
  2386 | D:9      | Reached skill level 5 in Invocations
  2447 | D:9      | Reached skill level 9 in Fire Magic
  2533 | Orc:1    | Entered Level 1 of the Orcish Mines
  2533 | Orc:1    | Noticed Fannar
  2544 | D:9      | Found Migoll's Antique Weapon Shop.
  2610 | D:9      | Found a hide-covered altar of Uskayaw.
  2612 | D:9      | Noticed an enchanted hand axe
  2613 | D:9      | Noticed a hand axe
  2637 | D:10     | Entered Level 10 of the Dungeon
  2637 | D:10     | Noticed a hill giant
  2712 | D:8      | Got a bone dagger
  2713 | D:8      | Identified the +3 dagger "Rauj" {drain, rC++ rN+} (You found it on level 8 of the Dungeon)
  2719 | D:8      | Reached **** piety under Sif Muna
  2749 | D:9      | Found Baqoit's Assorted Antiques.
  2752 | D:9      | Bought a knobbly silver ring for 160 gold pieces
  2811 | D:10     | Found a sparkling altar of Nemelex Xobeh.
  2859 | D:10     | Found a portal to a secret trove of treasure.
  2891 | D:10     | Reached XP level 10. HP: 50/50 MP: 9/24
  2984 | D:10     | Got a fine granite ring
  2985 | D:10     | Identified the ring "Ulifrof" {+Inv AC+3} (You found it on level 10 of the Dungeon)
  3030 | D:10     | Reached skill level 10 in Fire Magic
  3157 | D:11     | Reached skill level 10 in Conjurations
  3162 | D:11     | Reached ***** piety under Sif Muna
  3164 | D:11     | Received a gift from Sif Muna
  3167 | D:11     | Found an opulent altar of Gozag.
  3357 | D:12     | Noticed a manticore
  3365 | D:12     | Killed a manticore
  3365 | D:12     | Reached skill level 11 in Fire Magic
  3448 | D:12     | Noticed a purple ugly thing
  3457 | D:12     | Killed a purple ugly thing
  3488 | D:11     | Learned a level 7 spell: Orb of Destruction
  3592 | D:12     | Reached XP level 11. HP: 54/54 MP: 12/26
  3623 | D:12     | Killed from afar by a gargoyle

Vault maps used:
D:1:      grunt_arrival_crossed_arrows, minivault_26
D:2:      xom_redecorated, first_bread
D:3:      goddamned_bats, uniq_grinder
D:4:      serial_shops, shop, uniq_edmund
D:6:      uniq_blork_the_orc
D:7:      amethyst_overflow_temple_binary, the_bakery, david_defended_altar_elf
D:8:      lemuel_zombie_altar_yredelemnul
D:9:      dancing_weapons_uskayaw, orc_david_3, serial_shops,
          nicolae_shop_behind_doors, nicolae_shop_stone, shop,
          nicolae_shop_temple_entry_statues_fountains, uniq_psyche
D:10:     basic_altar, nicolae_trove_entry_free_sample
D:11:     dpeg_lair_monsters, basic_altar,
          nicolae_dithmenos_through_a_glass_darkly
D:13:     minmay_box_of_statues, erik_vaults_2, serial_shops, shop
Temple:   nicolae_temple_elliptical
Orc:1:    serial_shops, nicolae_shop_overgrown_old_shop,
          nicolae_shop_behind_doors, shop, uniq_urug, uniq_fannar

Skill      XL: |  1  2  3  4  5  6  7  8  9 10 |
---------------+-------------------------------+-----
Conjurations   | 2 3 4 5 6 7 9 10 | 10.9
Fire Magic     | 4 5 6 8 9 11 | 11.2
Spellcasting   | 4 5 6 8 9 |  9.4
Invocations    | 1 2 3 4 6 7 |  7.3
Dodging        | |  2.4
Stealth        | |  2.4

Action                   |  1- 3 |  4- 6 |  7- 9 | 10-12 || total
-------------------------+-------+-------+-------+-------++-------
Melee: Mace              |    12 |     8 |    78 |       ||    98
       Dagger            |       |       |    18 |    35 ||    53
 Cast: Flame Tongue      |    20 |    53 |    66 |     7 ||   146
       Conjure Flame     |       |     4 |     3 |     4 ||    11
       Sticky Flame      |       |     2 |    38 |    12 ||    52
       Fireball          |       |       |    12 |    16 ||    28
Invok: Divine Energy     |       |     1 |       |       ||     1
       Channel Magic     |       |       |     1 |       ||     1
Evoke: Wand              |       |       |     1 |     3 ||     4
  Use: Potion            |     1 |     1 |       |       ||     2
       Scroll            |       |     4 |     7 |     3 ||    14
 Stab: Sleeping          |       |       |     2 |       ||     2
  Eat: Chunk             |       |     1 |     6 |     5 ||    12
       Royal jelly       |       |       |     1 |       ||     1
       Fruit             |       |       |     4 |       ||     4
       Pizza             |       |       |       |     1 ||     1
Armor: Robe              |     2 |       |    57 |    28 ||    87
       Ring mail         |     2 |    10 |       |       ||    12
       Skin              |       |     2 |       |       ||     2
Dodge: Dodged            |    12 |     7 |   106 |    33 ||   158
